 Dungeon Crawl Stone Soup version 0.27-a0-1136-g0b992a5a9d (webtiles) character file.

Game seed: 13091006128071318175

159 voltaire321 the Ducker (level 5, -2/40 HPs)
             Began as a Djinni Gladiator on May 5, 2021.
             Slain by Menkaure (8 damage)
             ... on level 4 of the Dungeon.
             The game lasted 00:09:07 (3822 turns).

voltaire321 the Ducker (Djinni Gladiator)           Turns: 3822, Time: 00:09:07

Health: -2/40      AC:  6    Str: 13    XL:     5   Next: 40%
Gold:   109        EV: 12    Int: 10    God:
                   SH:  0    Dex: 15

rFire    + + .     SeeInvis .   a - +0 long sword
rCold    x . .     Faith    .   (no shield)
rNeg     . . .     Spirit   .   k - +0 ring mail
rPois    ∞         Reflect  .   c - +0 helmet
rElec    .         Harm     .   (no cloak)
rCorr    .         Rampage  .   (no gloves)
Will     .....                  (boots unavailable)
Stlth    +.........             (no amulet)
HPRegen  0.13/turn              (no ring)
MPRegen  0.00/turn              (no ring)

@: flying
A: sickness immunity, fire resistance 2, cold vulnerability 1, float, innate
caster, hp casting, extra vitality 1
a: no special abilities


You were on level 4 of the Dungeon.
You visited 1 branch of the dungeon, and saw 4 of its levels.

You collected 109 gold pieces.

Inventory:

Hand Weapons
 a - a +0 long sword (weapon)
Missiles
 d - 3 throwing nets (quivered)
Armour
 b - a +0 leather armour
 c - a +0 helmet (worn)
 k - a +0 ring mail (worn)
Scrolls
 e - 4 scrolls of teleportation
 f - a scroll of enchant weapon {unknown}
 h - a scroll of identify
 j - a scroll of magic mapping
Potions
 g - 4 potions of lignification


   Skills:
 + Level 3.1 Fighting
 + Level 3.4 Long Blades
 - Level 1.5 Throwing
 + Level 0.7 Armour
 + Level 4.2 Dodging
 + Level 1.8 Spellcasting


You had 4 spell levels left.
You knew the following spells:

 Your Spells              Type           Power      Damage    Failure   Level
a - Shock                 Conj/Air       16%        1d4       32%         1
b - Slow                  Hex            4%         N/A       43%         2
Your spell library was empty.

Dungeon Overview and Level Annotations

Branches:
Dungeon (4/15)
 Temple: D:4-7

Altars:
Yredelemnul
The Shining One

Shops:
D:3 [

Annotations:
D:2 1 runed translucent door, Crazy Yiuf
D:3 Terence
D:4 Menkaure


Innate Abilities, Weirdness & Mutations

You are immune to sickness and miasma.
You are immune to poison.
Your flesh is very heat resistant. (rF++)
You are vulnerable to cold. (rC-)
You float through the air rather than walking.
You learn spells naturally, not from books.
Your magical power is your life essence.
You have superior vitality. (+4 HP)


Message History

Press: ? - help, Shift-Dir - straight line, f - Menkaure
Aim: Menkaure (fast, 83% to hit)
The zap hits Menkaure.
Menkaure is lightly damaged.
Casting: Shock (safe; 32% risk of failure)
Confirm with . or Enter, or press ? or * to list all spells.
Aiming: Shock (safe; 32% risk of failure)
Press: ? - help, Shift-Dir - straight line, f/p - Menkaure
Aim: Menkaure (lightly damaged, fast, 83% to hit)
You miscast Shock.
You are very lightly contaminated with residual magic.
Nothing appears to happen.
Menkaure hits you. Menkaure misses you.
You closely miss Menkaure.
Menkaure is lightly damaged.
Menkaure casts a spell at you. Pain shoots through your body!
You barely miss Menkaure.
Menkaure is lightly damaged.
Menkaure completely misses you. Menkaure closely misses you.
You riposte.
You barely miss Menkaure.
Menkaure is lightly damaged.
You slash Menkaure!
Menkaure is heavily damaged.
Menkaure barely misses you.
You barely miss Menkaure.
Menkaure is heavily damaged.
Menkaure sighs, "Let me perform the rites..."
Menkaure hits you! Menkaure casts a spell at you.
Pain shoots through your body!
You barely miss Menkaure.
Menkaure is heavily damaged.
Menkaure hits you!
* * * LOW HITPOINT WARNING * * *
Your magical contamination has completely faded away.
You hit Menkaure but do no damage.
Menkaure is heavily damaged.
Menkaure hits you!
You die...

*,**,* #.............#
******** *,**,*
#.###########.#
,,,,,,,***,**,* #.#
#..<....#.# ******,,**,**,*
#.# #.#.#.###.# **,**,**,*
#.# #...#.....# ***,,*,**,*
#.#*########### *,,,,,,**,*
#.#,,,,,,,,,,,*
*,**,,*##.####.#,*********,*
****,***,*#...M@..#,* *,*
*,,,,*
*,*#..######,*********,*
*,****
*,*#,,******,,,,,,,,,*,* *,*
*,,*,,,,,,,,,,,,,,,,<*,* *,*
**,**,****************,*
**,* *,**,* *,,,,,,,,,,,*
,,,* *,,*,* *,***********
**** **,*,* *,*
*,*,******,***


You could see Menkaure (fast).

Vanquished Creatures
  Natasha (thrice) (D:2)
  An adder (D:2)
  4 dart slugs
  6 orcs (D:3)
  A bat skeleton (D:2)
  3 endoplasms
  2 giant cockroaches
  7 goblins
  3 hobgoblins
  8 jackals
  5 kobolds
  2 quokkas
  4 ball pythons
  5 bats
  2 frilled lizards
  4 rats
60 creatures vanquished.

Vanquished Creatures (others)
  14 plants (D:2)
14 creatures vanquished.

Grand Total: 74 creatures vanquished

Notes
Turn   | Place    | Note
-------+----------+-------------------------------------------
     0 | D:1      | voltaire321 the Djinni Gladiator began the quest for the
                  | Orb.
     0 | D:1      | Reached XP level 1. HP: 18/18 MP: 0/0
   167 | D:1      | Reached XP level 2. HP: 10/23 MP: 0/0
   938 | D:1      | Reached XP level 3. HP: 26/29 MP: 0/0
   938 | D:1      | Learned a level 1 spell: Shock
  1392 | D:2      | Reached skill level 1 in Spellcasting
  1455 | D:2      | Noticed Natasha
  1471 | D:2      | Killed Natasha
  1472 | D:2      | Reached XP level 4. HP: 4/34 MP: 0/0
  1926 | D:2      | Noticed Natasha
  1931 | D:2      | Killed Natasha
  1932 | D:2      | Reached skill level 4 in Dodging
  2162 | D:2      | Found a faded altar of an unknown god.
  2179 | D:2      | Found a basalt altar of Yredelemnul.
  2182 | D:2      | Noticed Terence
  2369 | D:2      | Found a runed translucent door.
  2370 | D:2      | Noticed Crazy Yiuf
  2497 | D:2      | Noticed Natasha
  2507 | D:2      | Killed Natasha
  2508 | D:2      | Reached XP level 5. HP: 19/40 MP: 0/0
  2508 | D:2      | Learned a level 2 spell: Slow
  2860 | D:3      | Found a glowing golden altar of the Shining One.
  3169 | D:3      | Found Etauhevu's Antique Armour Shoppe.
  3812 | D:4      | Noticed Menkaure
  3822 | D:4      | Slain by Menkaure

Illustrated notes

Levels and vault maps discovered:
D:1:      dpeg_arrival_windows_large_door, layout_basic
D:2:      layout_basic, basic_altar, hellmonk_ecumenical_altar_inner_sanctum,
          grunt_ministairs_4, serial_bayou_pond_c, serial_bayou_pond_e,
          hangedman_feature_mirror, uniq_terence, uniq_crazy_yiuf_cottage,
          uniq_natasha
D:3:      layout_loops_ring, amcnicky_altar_gilded, serial_shops, shop_statue
D:4:      layout_basic, hangedman_minor_gate_pass, uniq_menkaure, uniq_eustachio

Skill      XL: |  1  2  3  4 |
---------------+-------------+-----
Long Blades    | 3 |  3.4
Spellcasting   | 1 |  1.8
Dodging        | 4 |  4.2
Fighting       | 3 |  3.1
Throwing       | |  1.5
Armour         | |  0.7

Action                   |  1- 3 |  4- 6 || total
-------------------------+-------+-------++-------
Melee: Long sword        |    70 |    83 ||   153
 Cast: Shock             |       |    12 ||    12
  Use: Scroll            |     1 |     5 ||     6
 Stab: Sleeping          |       |     2 ||     2
Armor: Leather armour    |    16 |     8 ||    24
       Ring mail         |       |    19 ||    19
Dodge: Dodged            |    52 |    62 ||   114
       Rpst.: Long sword |    16 |    22 ||    38

Table legend: (Time is in decaauts)
 A = Elapsed time spent in this place.
 B = Non-inter-level travel time spent in this place.
 C = Inter-level travel time spent in this place.
 D = Time resting spent in this place.
 E = Time spent auto-exploring this place.
 F = Levels seen in this place.
 G = Mean time per level.
                   A        B        C        D        E       F      G
               +--------+--------+--------+--------+--------+-----+--------+
         Total |   3858 |   3782 |     76 |   1368 |   1849 |   4 |  964.5 |
       Dungeon |   3858 |   3782 |     76 |   1368 |   1849 |   4 |  964.5 |
               +--------+--------+--------+--------+--------+-----+--------+

Top non-repeatable levels by time:
     D:2: 1487 daAuts
     D:1: 1389 daAuts
     D:3: 907 daAuts
     D:4: 73 daAuts
